Capitals vs Penguins
Created - 2 décembre 2013 at 18:57
Goals
|
| Capitals |
1 |
1 |
2 |
4 |
| Penguins |
1 |
2 |
0 |
3 |
|
Shots
|
| Capitals |
11 |
15 |
9 |
35 |
| Penguins |
15 |
10 |
9 |
34 |
|
1st period
1. Capitals , Nicklas Backstrom 7 (Doug Janik) at 4:56
2. Penguins , Peter Forsberg 8 (Darren Reid) at 11:38
Penalties :
Ted Purcell (Pit) for Hooking (Minor) at 6:50, Steve Sullivan (Was) for Hooking (Minor) at 6:50, Dan Hamhuis (Pit) for Tripping (Minor) at 11:09, Ales Hemsky (Was) for Hooking (Minor) at 11:09
2nd period
3. Capitals , Ales Hemsky 6 (Brooks Laich, Steve Sullivan) at 1:59
4. Penguins , Dainius Zubrus 6 (Dennis Seidenberg, Dan Hamhuis) at 7:24
5. Penguins , Ville Peltonen 3 (Steven Reinprecht, Brooks Orpik) at 16:26
Penalties :
Bobby Ryan (Was) for Hooking (Minor) at 10:19, Ryan Getzlaf (Pit) for Holding Stick (Minor) at 14:05, Braydon Coburn (Was) for Holding (Minor) at 14:05
3rd period
6. Capitals , Nicklas Backstrom 8 (Bobby Ryan) at 9:16
7. Capitals , Steve Sullivan 7 (Brooks Laich, Ales Hemsky) at 13:57
Penalties :
Phil Kessel (Was) for Holding (Minor) at 4:55, Ed Jovanovski (Was) for Hooking (Minor) at 10:42, Denis Arkhipov (Pit) for Cross-checking (Minor) at 14:58, Phil Kessel (Was) for Hooking (Minor) at 18:40
Goalie Stats
Niklas Backstrom (Was), 31 saves from 34 shots - (0,912), W, 5-6-2, 60:00 minutes
Ondrej Pavelec (Pit), 31 saves from 35 shots - (0,886), L, 0-6-2, 59:13 minutes
Players Stats for Capitals
Player Name G A P +/- PIM S H SB GA TA FO MP PP MP PK MP
------------------------------------------------------------------------------------
Ales Hemsky 1 1 2 1 2 3 0 0 0 0 1/1 14:20 0:44 0:00
Alexei Semenov 0 0 0 1 0 0 0 1 0 0 0/0 12:10 0:00 0:26
Bobby Ryan 0 1 1 -1 2 1 1 0 0 0 0/0 14:58 1:15 0:00
Braydon Coburn 0 0 0 -2 2 3 0 3 2 1 0/0 26:27 0:58 4:21
Brooks Laich 0 2 2 1 0 2 0 0 1 1 4/9 14:04 0:44 0:10
Bryce Salvador 0 0 0 -2 0 2 1 4 0 0 0/0 26:53 0:58 4:21
Chris Kunitz 0 0 0 0 0 2 1 1 0 0 0/1 9:16 0:00 1:02
Doug Janik 0 1 1 1 0 1 0 0 0 1 0/0 11:37 0:00 0:34
Ed Jovanovski 0 0 0 2 2 3 3 1 0 0 0/0 21:37 1:01 1:55
Evgeni Malkin 0 0 0 -2 0 1 1 2 2 0 18/39 24:05 1:15 4:17
Nicklas Backstrom 2 0 2 2 0 3 0 0 2 1 4/7 10:05 0:00 0:00
Peter Regin 0 0 0 0 0 0 1 1 0 0 1/2 8:53 0:00 1:32
Phil Kessel 0 0 0 2 4 1 1 0 0 0 0/1 9:33 0:00 0:00
Pierre-Alexandre Parente 0 0 0 0 0 0 0 0 0 0 0/0 6:47 0:00 0:00
Ryan Suter 0 0 0 2 0 1 0 1 1 0 0/0 22:04 1:01 2:55
Steve Sullivan 1 1 2 1 2 6 3 0 0 0 0/1 17:06 0:44 1:45
Thomas Vanek 0 0 0 2 0 3 1 1 2 0 0/1 13:30 0:00 1:45
Zach Parise 0 0 0 -2 0 3 1 1 0 1 2/4 23:15 1:15 4:01
Players Stats for Penguins
Player Name G A P +/- PIM S H SB GA TA FO MP PP MP PK MP
------------------------------------------------------------------------------------
Brad Isbister 0 0 0 -1 0 2 3 0 0 0 1/2 17:31 3:20 0:38
Brooks Orpik 0 1 1 1 0 2 1 0 0 1 0/0 17:43 3:10 0:35
Carlo Colaiacovo 0 0 0 -2 0 1 1 0 0 0 0/0 17:56 3:10 0:00
Dainius Zubrus 1 0 1 -1 0 1 1 0 0 0 0/0 12:17 0:07 1:21
Dan Hamhuis 0 1 1 0 2 1 1 1 1 0 0/0 25:37 4:06 1:24
Darren Reid 0 1 1 0 0 5 2 0 0 1 2/3 21:33 3:49 0:00
Denis Arkhipov 0 0 0 -1 2 2 2 0 0 0 6/8 11:54 0:00 0:00
Dennis Seidenberg 0 1 1 0 0 2 3 2 0 1 0/0 27:34 4:06 0:00
Jere Lehtinen 0 0 0 1 0 3 1 0 0 0 0/0 7:42 0:00 0:00
Mike Watt 0 0 0 -1 0 2 3 0 0 1 0/0 10:56 0:07 0:00
Peter Forsberg 1 0 1 0 0 3 6 0 0 2 16/28 21:37 3:56 1:21
Ryan Getzlaf 0 0 0 -1 2 2 3 0 2 0 7/17 18:30 3:20 0:38
Ryan Kesler 0 0 0 -1 0 1 0 0 0 0 1/2 16:38 3:49 0:00
Steve Staios 0 0 0 1 0 0 0 1 1 1 0/0 19:54 0:00 1:24
Steven Reinprecht 0 1 1 1 0 2 1 0 0 1 3/6 7:42 0:00 0:00
Ted Purcell 0 0 0 -1 2 3 2 2 1 0 0/0 17:32 3:20 0:00
Tom Preissing 0 0 0 -2 0 0 0 0 0 2 0/0 11:42 0:00 0:35
Ville Peltonen 1 0 1 1 0 2 1 0 0 0 0/0 7:42 0:00 0:00
3 Stars
1 - Nicklas Backstrom (Was)
2 - Peter Forsberg (Pit)
3 - Steve Sullivan (Was)
Power Play
Capitals - 0 on 1 Attempt(s) - 0,00%
Penguins - 0 on 4 Attempt(s) - 0,00%
Penalty Kill
Capitals - 4 on 4 Attempt(s) - 100,00%
- Score 0 goal in Penalty Kill
Penguins - 1 on 1 Attempt(s) - 100,00%
- Score 0 goal in Penalty Kill
Official
Referees : Lee Chris and O'Halloran Dan
Linesman : Jonny Murray and Ryan Galloway
Game Notes
No Game Note
Finance
Level 1 -- Attendance: 5721 (95,35%) -- Ticket Income 440 517 $
Level 2 -- Attendance: 4825 (96,50%) -- Ticket Income 197 825 $
Level 3 -- Attendance: 2000 (100,00%) -- Ticket Income 46 000 $
Level 4 -- Attendance: 4000 (100,00%) -- Ticket Income 60 000 $
Luxury Box -- Attendance: 980 (98,00%) -- Ticket Income 153 860 $
Game was played at the Igloo
Total Attendance: 17526 (97,37%)
Total Ticket Income: 898 202 $
Other Income: 134 730 $
Total Income: 1 032 932 $
Capitals
5 vs 5 Forward
Center Left Wing Right Wing Time % Phy DF OF
1 Evgeni Malkin Zach Parise Bobby Ryan 40 1 2 2
2 Brooks Laich Steve Sullivan Ales Hemsky 30 1 2 2
3 Nicklas Backstrom Thomas Vanek Phil Kessel 20 1 2 2
4 Peter Regin Chris Kunitz Pierre-Alexandre Parentea10 1 2 2
5 vs 5 Defense
Defense Defense Time % Phy DF OF
1 Braydon Coburn Bryce Salvador 40 1 2 2
2 Ed Jovanovski Ryan Suter 30 1 2 2
3 Alexei Semenov Doug Janik 20 1 2 2
4 Braydon Coburn Bryce Salvador 10 1 2 2
PowerPlay Forward
Center Left Wing Right Wing Time % Phy DF OF
1 Evgeni Malkin Zach Parise Bobby Ryan 60 1 2 2
2 Brooks Laich Steve Sullivan Ales Hemsky 40 1 2 2
PowerPlay Defense
Defense Defense Time % Phy DF OF
1 Braydon Coburn Bryce Salvador 60 1 2 2
2 Ed Jovanovski Ryan Suter 40 1 2 2
Penalty Kill 4 Players Forward
Center Wing Time % Phy DF OF
1 Evgeni Malkin Zach Parise 60 1 2 2
2 Steve Sullivan Thomas Vanek 40 1 2 2
Penalty Kill 4 Players Defense
Defense Defense Time % Phy DF OF
1 Braydon Coburn Bryce Salvador 60 1 2 2
2 Ed Jovanovski Ryan Suter 40 1 2 2
Penalty Kill - 3 Players Forward
Forward Time % Phy DF OF
1 Evgeni Malkin 60 1 2 2
2 Zach Parise 40 1 2 2
Penalty Kill - 3 Players Defense
Defense Defense Time % Phy DF OF
1 Braydon Coburn Bryce Salvador 60 1 2 2
2 Ed Jovanovski Ryan Suter 40 1 2 2
4 vs 4 Forward
Center Wing Time % Phy DF OF
1 Evgeni Malkin Zach Parise 60 1 2 2
2 Steve Sullivan Thomas Vanek 40 1 2 2
4 vs 4 Defense
Defense Defense Time % Phy DF OF
1 Braydon Coburn Bryce Salvador 60 1 2 2
2 Ed Jovanovski Ryan Suter 40 1 2 2
Last Minutes Offensive
Center Left Wing Right Wing Defense Defense
Evgeni Malkin Zach Parise Bobby Ryan Braydon Coburn Bryce Salvador
Last Minutes Defensive
Center Left Wing Right Wing Defense Defense
Evgeni Malkin Zach Parise Bobby Ryan Braydon Coburn Bryce Salvador
Goaltenders
Starting : Niklas Backstrom
Backup : Nikolai Khabibulin
Extra Forwards
Normal : Chris Kunitz, Nicklas Backstrom, Peter Regin - PP : Chris Kunitz, Nicklas Backstrom - PK : Peter Regin
Extra Defensemen
Normal : Alexei Semenov, Doug Janik, Ed Jovanovski - PP : Alexei Semenov - PK : Doug Janik, Ed Jovanovski
Penalty Shots
Evgeni Malkin, Zach Parise, Steve Sullivan, Thomas Vanek, Bobby Ryan
Penguins
5 vs 5 Forward
Center Left Wing Right Wing Time % Phy DF OF
1 Ryan Getzlaf Ryan Kesler Darren Reid 40 0 1 4
2 Peter Forsberg Brad Isbister Ted Purcell 39 1 1 3
3 Denis Arkhipov Mike Watt Dainius Zubrus 16 1 2 2
4 Steven Reinprecht Ville Peltonen Jere Lehtinen 5 1 2 2
5 vs 5 Defense
Defense Defense Time % Phy DF OF
1 Dennis Seidenberg Dan Hamhuis 40 1 1 3
2 Steve Staios Brooks Orpik 30 1 2 2
3 Tom Preissing Carlo Colaiacovo 20 1 2 2
4 Dennis Seidenberg Steve Staios 10 1 1 3
PowerPlay Forward
Center Left Wing Right Wing Time % Phy DF OF
1 Peter Forsberg Ryan Kesler Darren Reid 60 1 1 3
2 Ryan Getzlaf Brad Isbister Ted Purcell 40 1 1 3
PowerPlay Defense
Defense Defense Time % Phy DF OF
1 Dan Hamhuis Dennis Seidenberg 60 1 1 3
2 Carlo Colaiacovo Brooks Orpik 40 1 1 3
Penalty Kill 4 Players Forward
Center Wing Time % Phy DF OF
1 Denis Arkhipov Dainius Zubrus 60 1 3 1
2 Peter Forsberg Ville Peltonen 40 1 3 1
Penalty Kill 4 Players Defense
Defense Defense Time % Phy DF OF
1 Steve Staios Dan Hamhuis 60 1 3 1
2 Brooks Orpik Tom Preissing 40 1 3 1
Penalty Kill - 3 Players Forward
Forward Time % Phy DF OF
1 Denis Arkhipov 60 1 3 1
2 Ville Peltonen 40 1 3 1
Penalty Kill - 3 Players Defense
Defense Defense Time % Phy DF OF
1 Dan Hamhuis Steve Staios 60 1 3 1
2 Brooks Orpik Tom Preissing 40 1 3 1
4 vs 4 Forward
Center Wing Time % Phy DF OF
1 Peter Forsberg Darren Reid 60 1 1 3
2 Ryan Getzlaf Ted Purcell 40 1 1 3
4 vs 4 Defense
Defense Defense Time % Phy DF OF
1 Dan Hamhuis Dennis Seidenberg 60 1 1 3
2 Carlo Colaiacovo Steve Staios 40 1 1 3
Last Minutes Offensive
Center Left Wing Right Wing Defense Defense
Peter Forsberg Brad Isbister Darren Reid Steve Staios Dennis Seidenberg
Last Minutes Defensive
Center Left Wing Right Wing Defense Defense
Ryan Getzlaf Ville Peltonen Darren Reid Dan Hamhuis Tom Preissing
Goaltenders
Starting : Ondrej Pavelec
Backup : Brian Elliott
Extra Forwards
Normal : Peter Forsberg, Ryan Getzlaf, Darren Reid - PP : Ryan Kesler, Darren Reid - PK : Dainius Zubrus
Extra Defensemen
Normal : Steve Staios, Dennis Seidenberg, Dan Hamhuis - PP : Dan Hamhuis - PK : Steve Staios, Dan Hamhuis
Penalty Shots
Peter Forsberg, Ted Purcell, Ryan Kesler, Brad Isbister, Darren Reid
% Time on Ice - Capitals
Lines # - Real PCT - Wanted PCT - Time Play
Normal Forward
1 - 34% - 40% - 15:01
2 - 30% - 30% - 13:25
3 - 21% - 20% - 9:35
4 - 15% - 10% - 6:47
Normal Defense
1 - 39% - 40% - 17:28
2 - 34% - 30% - 15:22
3 - 25% - 20% - 11:03
4 - 2% - 10% - 0:55
PP Forward
1 - 63% - 60% - 1:15
2 - 37% - 40% - 0:44
PP Defense
1 - 49% - 60% - 0:58
2 - 51% - 40% - 1:01
PK Forward
1 - 76% - 60% - 5:31
2 - 24% - 40% - 1:45
PK Defense
1 - 60% - 60% - 4:21
2 - 40% - 40% - 2:55
PK3 Forward
1 - 0% - 60%
2 - 0% - 40%
PK3 Defense
1 - 0% - 60%
2 - 0% - 40%
44 Forward
1 - 68% - 60% - 4:02
2 - 32% - 40% - 1:55
44 Defense
1 - 54% - 60% - 3:11
2 - 46% - 40% - 2:46
Last Minute Offensive - 0:00
Last Minute Defensive - 0:00
Total
Forward - 60:00
Defense - 60:00
|
% Time on Ice - Penguins
Lines # - Real PCT - Wanted PCT - Time Play
Normal Forward
1 - 30% - 40% - 13:21
2 - 29% - 39% - 12:59
3 - 24% - 16% - 10:46
4 - 17% - 5% - 7:42
Normal Defense
1 - 39% - 40% - 17:25
2 - 32% - 30% - 14:09
3 - 24% - 20% - 10:54
4 - 5% - 10% - 2:20
PP Forward
1 - 54% - 60% - 3:56
2 - 46% - 40% - 3:20
PP Defense
1 - 56% - 60% - 4:06
2 - 44% - 40% - 3:10
PK Forward
1 - 100% - 60% - 1:59
2 - 0% - 40% - 0:00
PK Defense
1 - 71% - 60% - 1:24
2 - 29% - 40% - 0:35
PK3 Forward
1 - 0% - 60%
2 - 0% - 40%
PK3 Defense
1 - 0% - 60%
2 - 0% - 40%
44 Forward
1 - 69% - 60% - 4:05
2 - 31% - 40% - 1:52
44 Defense
1 - 62% - 60% - 3:43
2 - 38% - 40% - 2:14
Last Minute Offensive - 0:00
Last Minute Defensive - 0:00
Total
Forward - 60:00
Defense - 60:00
|
Play by Play
1st period
0:01 of 1st period - Ryan Kesler wins face-off versus Evgeni Malkin in neutral zone.
0:10 of 1st period - Snap shot by Ryan Getzlaf.
0:10 of 1st period - Shot Blocked by Braydon Coburn.
0:12 of 1st period - Slapshot by Dennis Seidenberg.
0:12 of 1st period - Shot Blocked by Braydon Coburn.
0:26 of 1st period - Braydon Coburn is hit by Brad Isbister and loses puck.
1:46 of 1st period - Snap shot by Brad Isbister.
1:46 of 1st period - Stopped by Niklas Backstrom with a rebound.
2:06 of 1st period - Braydon Coburn is hit by Denis Arkhipov and loses puck.
2:11 of 1st period - Snap shot by Mike Watt.
2:11 of 1st period - Shot Misses the Net.
2:13 of 1st period - Snap shot by Denis Arkhipov.
2:13 of 1st period - Stopped by Niklas Backstrom with a rebound.
2:15 of 1st period - Slapshot by Denis Arkhipov.
2:15 of 1st period - Shot Misses the Net.
2:32 of 1st period - Snap shot by Dan Hamhuis.
2:32 of 1st period - Shot Blocked by Bryce Salvador.
2:47 of 1st period - Off-side.
2:48 of 1st period - Brad Isbister wins face-off versus Evgeni Malkin in neutral zone.
3:06 of 1st period - Evgeni Malkin is hit by Peter Forsberg and loses puck.
3:17 of 1st period - Darren Reid is hit by Ed Jovanovski and loses puck.
3:41 of 1st period - Snap shot by Mike Watt.
3:41 of 1st period - Stopped by Niklas Backstrom with a rebound.
3:43 of 1st period - Snap shot by Mike Watt.
3:43 of 1st period - Deflect By Denis Arkhipov.
3:43 of 1st period - Stopped by Niklas Backstrom without a rebound.
3:44 of 1st period - Denis Arkhipov wins face-off versus Evgeni Malkin in Capitals zone.
3:53 of 1st period - Slapshot by Evgeni Malkin.
3:53 of 1st period - Deflect By Zach Parise.
3:53 of 1st period - Shot Misses the Net.
3:53 of 1st period - Puck is out of play.
3:54 of 1st period - Peter Forsberg wins face-off versus Evgeni Malkin in Penguins zone.
4:07 of 1st period - Off-side.
4:08 of 1st period - Ales Hemsky wins face-off versus Ryan Getzlaf in neutral zone.
4:37 of 1st period - Zach Parise is hit by Peter Forsberg and loses puck.
4:56 of 1st period - Wrist shot by Nicklas Backstrom.
4:56 of 1st period - Goal by Nicklas Backstrom - Capitals : 1 - Penguins : 0.
4:57 of 1st period - Brooks Laich wins face-off versus Peter Forsberg in neutral zone.
5:02 of 1st period - Slapshot by Brooks Laich.
5:02 of 1st period - Deflect By Dan Hamhuis.
5:02 of 1st period - Shot Misses the Net.
5:02 of 1st period - Puck is out of play.
5:03 of 1st period - Brooks Laich wins face-off versus Peter Forsberg in Penguins zone.
5:12 of 1st period - Braydon Coburn is hit by Peter Forsberg and loses puck.
5:41 of 1st period - Backhand shot by Zach Parise.
5:41 of 1st period - Shot Blocked by Dennis Seidenberg.
6:16 of 1st period - Wrist shot by Jere Lehtinen.
6:16 of 1st period - Shot Blocked by Peter Regin.
6:18 of 1st period - Wrist shot by Dan Hamhuis.
6:18 of 1st period - Shot Misses the Net.
6:20 of 1st period - Snap shot by Jere Lehtinen.
6:20 of 1st period - Stopped by Niklas Backstrom with a rebound.
6:33 of 1st period - Off-side.
6:34 of 1st period - Peter Forsberg wins face-off versus Brooks Laich in neutral zone.
6:49 of 1st period - Wrist shot by Peter Forsberg.
6:49 of 1st period - Shot Misses the Net.
6:50 of 1st period - Minor Penalty to Ted Purcell for Hooking.
6:50 of 1st period - Minor Penalty to Steve Sullivan for Hooking.
6:51 of 1st period - Peter Forsberg wins face-off versus Evgeni Malkin in Capitals zone.
6:52 of 1st period - Wrist shot by Darren Reid.
6:52 of 1st period - Shot Misses the Net.
7:02 of 1st period - Zach Parise is hit by Dennis Seidenberg.
7:35 of 1st period - Wrist shot by Thomas Vanek.
7:35 of 1st period - Stopped by Ondrej Pavelec without a rebound.
7:36 of 1st period - Peter Forsberg wins face-off versus Zach Parise in Penguins zone.
7:52 of 1st period - Off-side.
7:53 of 1st period - Peter Forsberg wins face-off versus Thomas Vanek in neutral zone.
7:56 of 1st period - Snap shot by Peter Forsberg.
7:56 of 1st period - Shot Blocked by Thomas Vanek.
8:14 of 1st period - Slapshot by Ryan Getzlaf.
8:14 of 1st period - Shot Misses the Net.
8:50 of 1st period - Penalty to Ted Purcell is over, Ted Purcell is back on ice.
8:50 of 1st period - Penalty to Steve Sullivan is over, Steve Sullivan is back on ice.
9:00 of 1st period - Slapshot by Ted Purcell.
9:00 of 1st period - Stopped by Niklas Backstrom with a rebound.
9:02 of 1st period - Slapshot by Carlo Colaiacovo.
9:02 of 1st period - Deflect By Ryan Suter.
9:02 of 1st period - Stopped by Niklas Backstrom with a rebound.
9:04 of 1st period - Wrist shot by Ryan Getzlaf.
9:04 of 1st period - Stopped by Niklas Backstrom without a rebound.
9:05 of 1st period - Denis Arkhipov wins face-off versus Brooks Laich in Capitals zone.
9:20 of 1st period - Slapshot by Brooks Laich.
9:20 of 1st period - Deflect By Steve Sullivan.
9:20 of 1st period - Stopped by Ondrej Pavelec without a rebound.
9:21 of 1st period - Evgeni Malkin wins face-off versus Ryan Getzlaf in Penguins zone.
9:46 of 1st period - Ted Purcell is hit by Ed Jovanovski and loses puck.
10:13 of 1st period - Slapshot by Steve Sullivan.
10:13 of 1st period - Stopped by Ondrej Pavelec without a rebound.
10:14 of 1st period - Ryan Getzlaf wins face-off versus Evgeni Malkin in Penguins zone.
10:39 of 1st period - Nicklas Backstrom is hit by Peter Forsberg and loses puck.
11:09 of 1st period - Minor Penalty to Dan Hamhuis for Tripping.
11:09 of 1st period - Minor Penalty to Ales Hemsky for Hooking.
11:10 of 1st period - Evgeni Malkin wins face-off versus Peter Forsberg in Capitals zone.
11:21 of 1st period - Wrist shot by Darren Reid.
11:21 of 1st period - Stopped by Niklas Backstrom without a rebound.
11:22 of 1st period - Evgeni Malkin wins face-off versus Peter Forsberg in Capitals zone.
11:36 of 1st period - Wrist shot by Peter Forsberg.
11:36 of 1st period - Shot Misses the Net.
11:38 of 1st period - Wrist shot by Peter Forsberg.
11:38 of 1st period - Goal by Peter Forsberg - Capitals : 1 - Penguins : 1.
11:39 of 1st period - Evgeni Malkin wins face-off versus Peter Forsberg in neutral zone.
11:50 of 1st period - Wrist shot by Peter Forsberg.
11:50 of 1st period - Stopped by Niklas Backstrom with a rebound.
12:04 of 1st period - Braydon Coburn is hit by Ryan Getzlaf and loses puck.
12:11 of 1st period - Snap shot by Ted Purcell.
12:11 of 1st period - Deflect By Steve Sullivan.
12:11 of 1st period - Stopped by Niklas Backstrom without a rebound.
12:12 of 1st period - Peter Forsberg wins face-off versus Evgeni Malkin in Capitals zone.
12:46 of 1st period - Ed Jovanovski is hit by Carlo Colaiacovo and loses puck.
13:09 of 1st period - Penalty to Dan Hamhuis is over, Dan Hamhuis is back on ice.
13:09 of 1st period - Penalty to Ales Hemsky is over, Ales Hemsky is back on ice.
13:15 of 1st period - Snap shot by Dan Hamhuis.
13:15 of 1st period - Shot Blocked by Evgeni Malkin.
13:33 of 1st period - Snap shot by Zach Parise.
13:33 of 1st period - Shot Misses the Net.
13:35 of 1st period - Slapshot by Bryce Salvador.
13:35 of 1st period - Stopped by Ondrej Pavelec without a rebound.
13:36 of 1st period - Denis Arkhipov wins face-off versus Nicklas Backstrom in Penguins zone.
14:01 of 1st period - Nicklas Backstrom is hit by Brooks Orpik and loses puck.
14:08 of 1st period - Snap shot by Jere Lehtinen.
14:08 of 1st period - Shot Misses the Net.
14:35 of 1st period - Snap shot by Ed Jovanovski.
14:35 of 1st period - Stopped by Ondrej Pavelec with a rebound.
14:51 of 1st period - Slapshot by Mike Watt.
14:51 of 1st period - Stopped by Niklas Backstrom with a rebound.
15:03 of 1st period - Steve Sullivan is hit by Dan Hamhuis and loses puck.
15:10 of 1st period - Slapshot by Dan Hamhuis.
15:10 of 1st period - Shot Misses the Net.
15:24 of 1st period - Slapshot by Chris Kunitz.
15:24 of 1st period - Stopped by Ondrej Pavelec without a rebound.
15:25 of 1st period - Peter Forsberg wins face-off versus Peter Regin in Penguins zone.
15:27 of 1st period - Icing by Steve Staios.
15:28 of 1st period - Evgeni Malkin wins face-off versus Peter Forsberg in Penguins zone.
15:29 of 1st period - Snap shot by Bobby Ryan.
15:29 of 1st period - Stopped by Ondrej Pavelec without a rebound.
15:30 of 1st period - Evgeni Malkin wins face-off versus Brad Isbister in Penguins zone.
16:07 of 1st period - Wrist shot by Darren Reid.
16:07 of 1st period - Deflect By Ryan Kesler.
16:07 of 1st period - Stopped by Niklas Backstrom without a rebound.
16:08 of 1st period - Nicklas Backstrom wins face-off versus Ryan Getzlaf in Capitals zone.
16:08 of 1st period - Nicklas Backstrom is hit by Ryan Getzlaf.
16:14 of 1st period - Wrist shot by Darren Reid.
16:14 of 1st period - Stopped by Niklas Backstrom with a rebound.
16:55 of 1st period - Icing by Zach Parise.
16:56 of 1st period - Brooks Laich wins face-off versus Denis Arkhipov in Capitals zone.
17:01 of 1st period - Wrist shot by Steve Sullivan.
17:01 of 1st period - Shot Misses the Net.
17:03 of 1st period - Slapshot by Ed Jovanovski.
17:03 of 1st period - Stopped by Ondrej Pavelec with a rebound.
17:07 of 1st period - Wrist shot by Ales Hemsky.
17:07 of 1st period - Shot Misses the Net.
17:09 of 1st period - Wrist shot by Ales Hemsky.
17:09 of 1st period - Stopped by Ondrej Pavelec with a rebound.
17:11 of 1st period - Snap shot by Steve Sullivan.
17:11 of 1st period - Stopped by Ondrej Pavelec with a rebound.
17:42 of 1st period - Nicklas Backstrom is hit by Peter Forsberg.
19:45 of 1st period - Snap shot by Ryan Getzlaf.
19:45 of 1st period - Shot Misses the Net.
19:47 of 1st period - Slapshot by Darren Reid.
19:47 of 1st period - Shot Misses the Net.
2nd period
0:01 of 2nd period - Ryan Getzlaf wins face-off versus Zach Parise in neutral zone.
0:25 of 2nd period - Steve Sullivan is hit by Brad Isbister and loses puck.
0:48 of 2nd period - Ed Jovanovski is hit by Mike Watt and loses puck.
1:11 of 2nd period - Steven Reinprecht is hit by Ed Jovanovski and loses puck.
1:48 of 2nd period - Carlo Colaiacovo is hit by Steve Sullivan and loses puck.
1:57 of 2nd period - Slapshot by Brooks Laich.
1:57 of 2nd period - Shot Blocked by Ted Purcell.
1:59 of 2nd period - Backhand shot by Ales Hemsky.
1:59 of 2nd period - Goal by Ales Hemsky - Capitals : 2 - Penguins : 1.
2:00 of 2nd period - Ryan Getzlaf wins face-off versus Evgeni Malkin in neutral zone.
3:06 of 2nd period - Slapshot by Braydon Coburn.
3:06 of 2nd period - Stopped by Ondrej Pavelec without a rebound.
3:07 of 2nd period - Evgeni Malkin wins face-off versus Steven Reinprecht in Penguins zone.
3:08 of 2nd period - Wrist shot by Zach Parise.
3:08 of 2nd period - Shot Blocked by Dan Hamhuis.
4:16 of 2nd period - Dainius Zubrus is hit by Chris Kunitz.
4:40 of 2nd period - Zach Parise is hit by Jere Lehtinen and loses puck.
5:03 of 2nd period - Ed Jovanovski is hit by Darren Reid and loses puck.
5:14 of 2nd period - Snap shot by Peter Forsberg.
5:14 of 2nd period - Shot Blocked by Ryan Suter.
5:28 of 2nd period - Brad Isbister is hit by Steve Sullivan and loses puck.
5:47 of 2nd period - Slapshot by Jere Lehtinen.
5:47 of 2nd period - Stopped by Niklas Backstrom without a rebound.
5:48 of 2nd period - Evgeni Malkin wins face-off versus Steven Reinprecht in Capitals zone.
5:59 of 2nd period - Snap shot by Zach Parise.
5:59 of 2nd period - Stopped by Ondrej Pavelec with a rebound.
6:01 of 2nd period - Slapshot by Braydon Coburn.
6:01 of 2nd period - Stopped by Ondrej Pavelec without a rebound.
6:02 of 2nd period - Evgeni Malkin wins face-off versus Ryan Kesler in Penguins zone.
6:11 of 2nd period - Bobby Ryan is hit by Dennis Seidenberg and loses puck.
6:50 of 2nd period - Bryce Salvador is hit by Ville Peltonen.
7:16 of 2nd period - Off-side.
7:17 of 2nd period - Denis Arkhipov wins face-off versus Evgeni Malkin in neutral zone.
7:20 of 2nd period - Slapshot by Dan Hamhuis.
7:20 of 2nd period - Shot Blocked by Alexei Semenov.
7:22 of 2nd period - Snap shot by Dennis Seidenberg.
7:22 of 2nd period - Stopped by Niklas Backstrom with a rebound.
7:24 of 2nd period - Snap shot by Dainius Zubrus.
7:24 of 2nd period - Goal by Dainius Zubrus - Capitals : 2 - Penguins : 2.
7:25 of 2nd period - Evgeni Malkin wins face-off versus Ryan Getzlaf in neutral zone.
8:57 of 2nd period - Slapshot by Bryce Salvador.
8:57 of 2nd period - Stopped by Ondrej Pavelec with a rebound.
9:29 of 2nd period - Icing by Carlo Colaiacovo.
9:30 of 2nd period - Denis Arkhipov wins face-off versus Evgeni Malkin in Penguins zone.
9:36 of 2nd period - Wrist shot by Zach Parise.
9:36 of 2nd period - Stopped by Ondrej Pavelec with a rebound.
9:46 of 2nd period - Zach Parise is hit by Denis Arkhipov and loses puck.
9:57 of 2nd period - Icing by Ryan Suter.
9:58 of 2nd period - Evgeni Malkin wins face-off versus Ryan Getzlaf in Capitals zone.
10:19 of 2nd period - Minor Penalty to Bobby Ryan for Hooking.
10:20 of 2nd period - Peter Forsberg wins face-off versus Evgeni Malkin in Capitals zone.
10:23 of 2nd period - Snap shot by Peter Forsberg.
10:23 of 2nd period - Shot Misses the Net.
10:25 of 2nd period - Slapshot by Dan Hamhuis.
10:25 of 2nd period - Stopped by Niklas Backstrom without a rebound.
10:26 of 2nd period - Peter Forsberg wins face-off versus Evgeni Malkin in Capitals zone.
10:39 of 2nd period - Snap shot by Darren Reid.
10:39 of 2nd period - Shot Blocked by Evgeni Malkin.
10:41 of 2nd period - Slapshot by Darren Reid.
10:41 of 2nd period - Shot Blocked by Zach Parise.
10:51 of 2nd period - Bryce Salvador is hit by Brad Isbister and loses puck.
12:05 of 2nd period - Darren Reid is hit by Steve Sullivan and loses puck.
12:19 of 2nd period - Penalty to Bobby Ryan is over, Bobby Ryan is back on ice.
12:35 of 2nd period - Snap shot by Brooks Laich.
12:35 of 2nd period - Stopped by Ondrej Pavelec with a rebound.
12:46 of 2nd period - Off-side.
12:47 of 2nd period - Peter Regin wins face-off versus Steven Reinprecht in neutral zone.
13:36 of 2nd period - Bobby Ryan is hit by Dainius Zubrus and loses puck.
13:59 of 2nd period - Brooks Laich is hit by Ryan Getzlaf and loses puck.
14:05 of 2nd period - Minor Penalty to Ryan Getzlaf for Holding Stick.
14:05 of 2nd period - Minor Penalty to Braydon Coburn for Holding.
14:06 of 2nd period - Peter Forsberg wins face-off versus Evgeni Malkin in Penguins zone.
14:46 of 2nd period - Wrist shot by Ted Purcell.
14:46 of 2nd period - Stopped by Niklas Backstrom without a rebound.
14:47 of 2nd period - Darren Reid wins face-off versus Steve Sullivan in Capitals zone.
15:02 of 2nd period - Ed Jovanovski is hit by Peter Forsberg and loses puck.
16:05 of 2nd period - Penalty to Ryan Getzlaf is over, Ryan Getzlaf is back on ice.
16:05 of 2nd period - Penalty to Braydon Coburn is over, Braydon Coburn is back on ice.
16:16 of 2nd period - Wrist shot by Braydon Coburn.
16:16 of 2nd period - Shot Blocked by Ted Purcell.
16:18 of 2nd period - Snap shot by Ryan Suter.
16:18 of 2nd period - Shot Misses the Net.
16:20 of 2nd period - Snap shot by Chris Kunitz.
16:20 of 2nd period - Stopped by Ondrej Pavelec without a rebound.
16:21 of 2nd period - Steven Reinprecht wins face-off versus Brooks Laich in Penguins zone.
16:26 of 2nd period - Snap shot by Ville Peltonen.
16:26 of 2nd period - Goal by Ville Peltonen - Capitals : 2 - Penguins : 3.
16:27 of 2nd period - Evgeni Malkin wins face-off versus Ryan Getzlaf in neutral zone.
16:35 of 2nd period - Ryan Kesler is hit by Zach Parise and loses puck.
16:59 of 2nd period - Slapshot by Steve Sullivan.
16:59 of 2nd period - Stopped by Ondrej Pavelec with a rebound.
17:01 of 2nd period - Wrist shot by Ales Hemsky.
17:01 of 2nd period - Stopped by Ondrej Pavelec without a rebound.
17:02 of 2nd period - Nicklas Backstrom wins face-off versus Peter Forsberg in Penguins zone.
17:03 of 2nd period - Wrist shot by Thomas Vanek.
17:03 of 2nd period - Stopped by Ondrej Pavelec with a rebound.
17:05 of 2nd period - Slapshot by Ryan Suter.
17:05 of 2nd period - Stopped by Ondrej Pavelec with a rebound.
17:07 of 2nd period - Wrist shot by Thomas Vanek.
17:07 of 2nd period - Shot Misses the Net.
17:09 of 2nd period - Slapshot by Ryan Suter.
17:09 of 2nd period - Shot Misses the Net.
17:11 of 2nd period - Slapshot by Ed Jovanovski.
17:11 of 2nd period - Stopped by Ondrej Pavelec without a rebound.
17:12 of 2nd period - Peter Forsberg wins face-off versus Nicklas Backstrom in Penguins zone.
17:18 of 2nd period - Off-side.
17:19 of 2nd period - Ryan Getzlaf wins face-off versus Evgeni Malkin in neutral zone.
17:24 of 2nd period - Wrist shot by Ryan Kesler.
17:24 of 2nd period - Shot Misses the Net.
17:30 of 2nd period - Slapshot by Evgeni Malkin.
17:30 of 2nd period - Stopped by Ondrej Pavelec with a rebound.
18:24 of 2nd period - Chris Kunitz is hit by Steven Reinprecht and loses puck.
18:29 of 2nd period - Snap shot by Steven Reinprecht.
18:29 of 2nd period - Shot Blocked by Chris Kunitz.
18:31 of 2nd period - Snap shot by Dennis Seidenberg.
18:31 of 2nd period - Stopped by Niklas Backstrom without a rebound.
18:32 of 2nd period - Evgeni Malkin wins face-off versus Ryan Getzlaf in Capitals zone.
18:43 of 2nd period - Slapshot by Brooks Orpik.
18:43 of 2nd period - Stopped by Niklas Backstrom without a rebound.
18:44 of 2nd period - Ryan Getzlaf wins face-off versus Evgeni Malkin in Capitals zone.
18:45 of 2nd period - Wrist shot by Darren Reid.
18:45 of 2nd period - Stopped by Niklas Backstrom without a rebound.
18:46 of 2nd period - Evgeni Malkin wins face-off versus Darren Reid in Capitals zone.
18:53 of 2nd period - Wrist shot by Braydon Coburn.
18:53 of 2nd period - Stopped by Ondrej Pavelec with a rebound.
19:36 of 2nd period - Slapshot by Brooks Orpik.
19:36 of 2nd period - Stopped by Niklas Backstrom without a rebound.
19:37 of 2nd period - Evgeni Malkin wins face-off versus Denis Arkhipov in Capitals zone.
3rd period
0:01 of 3rd period - Ryan Getzlaf wins face-off versus Evgeni Malkin in neutral zone.
0:04 of 3rd period - Snap shot by Darren Reid.
0:04 of 3rd period - Shot Misses the Net.
0:12 of 3rd period - Snap shot by Darren Reid.
0:12 of 3rd period - Stopped by Niklas Backstrom with a rebound.
0:14 of 3rd period - Snap shot by Ryan Kesler.
0:14 of 3rd period - Shot Misses the Net.
0:30 of 3rd period - Slapshot by Ted Purcell.
0:30 of 3rd period - Shot Misses the Net.
0:50 of 3rd period - Slapshot by Ville Peltonen.
0:50 of 3rd period - Deflect By Jere Lehtinen.
0:50 of 3rd period - Stopped by Niklas Backstrom without a rebound.
0:51 of 3rd period - Steven Reinprecht wins face-off versus Evgeni Malkin in Capitals zone.
1:16 of 3rd period - Steve Staios is hit by Thomas Vanek and loses puck.
1:21 of 3rd period - Snap shot by Nicklas Backstrom.
1:21 of 3rd period - Stopped by Ondrej Pavelec with a rebound.
1:23 of 3rd period - Slapshot by Ed Jovanovski.
1:23 of 3rd period - Shot Blocked by Steve Staios.
1:25 of 3rd period - Slapshot by Ryan Suter.
1:25 of 3rd period - Shot Misses the Net.
1:41 of 3rd period - Wrist shot by Peter Forsberg.
1:41 of 3rd period - Shot Blocked by Ed Jovanovski.
2:16 of 3rd period - Mike Watt is hit by Bobby Ryan.
2:46 of 3rd period - Wrist shot by Ville Peltonen.
2:46 of 3rd period - Stopped by Niklas Backstrom without a rebound.
2:47 of 3rd period - Steven Reinprecht wins face-off versus Chris Kunitz in Capitals zone.
3:13 of 3rd period - Tom Preissing is hit by Bryce Salvador and loses puck.
4:16 of 3rd period - Slapshot by Jere Lehtinen.
4:16 of 3rd period - Shot Misses the Net.
4:42 of 3rd period - Wrist shot by Peter Forsberg.
4:42 of 3rd period - Stopped by Niklas Backstrom without a rebound.
4:43 of 3rd period - Nicklas Backstrom wins face-off versus Ryan Getzlaf in Capitals zone.
4:55 of 3rd period - Minor Penalty to Phil Kessel for Holding.
4:56 of 3rd period - Peter Forsberg wins face-off versus Evgeni Malkin in Capitals zone.
5:07 of 3rd period - Wrist shot by Peter Forsberg.
5:07 of 3rd period - Shot Misses the Net.
5:09 of 3rd period - Snap shot by Ryan Kesler.
5:09 of 3rd period - Shot Blocked by Bryce Salvador.
5:21 of 3rd period - Snap shot by Brad Isbister.
5:21 of 3rd period - Stopped by Niklas Backstrom without a rebound.
5:22 of 3rd period - Evgeni Malkin wins face-off versus Ryan Getzlaf in Capitals zone.
5:35 of 3rd period - Slapshot by Ryan Getzlaf.
5:35 of 3rd period - Shot Misses the Net.
5:37 of 3rd period - Backhand shot by Ryan Getzlaf.
5:37 of 3rd period - Stopped by Niklas Backstrom without a rebound.
5:38 of 3rd period - Peter Forsberg wins face-off versus Evgeni Malkin in Capitals zone.
6:41 of 3rd period - Slapshot by Chris Kunitz.
6:41 of 3rd period - Shot Misses the Net.
6:55 of 3rd period - Penalty to Phil Kessel is over, Phil Kessel is back on ice.
7:29 of 3rd period - Slapshot by Steven Reinprecht.
7:29 of 3rd period - Stopped by Niklas Backstrom with a rebound.
7:53 of 3rd period - Bryce Salvador is hit by Darren Reid and loses puck.
9:16 of 3rd period - Wrist shot by Nicklas Backstrom.
9:16 of 3rd period - Goal by Nicklas Backstrom - Capitals : 3 - Penguins : 3.
9:17 of 3rd period - Evgeni Malkin wins face-off versus Peter Forsberg in neutral zone.
9:22 of 3rd period - Zach Parise is hit by Ted Purcell and loses puck.
9:50 of 3rd period - Steve Sullivan is hit by Dennis Seidenberg and loses puck.
10:13 of 3rd period - Slapshot by Nicklas Backstrom.
10:13 of 3rd period - Deflect By Phil Kessel.
10:13 of 3rd period - Stopped by Ondrej Pavelec with a rebound.
10:15 of 3rd period - Wrist shot by Thomas Vanek.
10:15 of 3rd period - Stopped by Ondrej Pavelec with a rebound.
10:17 of 3rd period - Slapshot by Doug Janik.
10:17 of 3rd period - Stopped by Ondrej Pavelec with a rebound.
10:42 of 3rd period - Minor Penalty to Ed Jovanovski for Hooking.
10:43 of 3rd period - Peter Forsberg wins face-off versus Evgeni Malkin in Capitals zone.
10:44 of 3rd period - Slapshot by Darren Reid.
10:44 of 3rd period - Deflect By Evgeni Malkin.
10:44 of 3rd period - Stopped by Niklas Backstrom with a rebound.
12:38 of 3rd period - Peter Regin is hit by Mike Watt.
12:42 of 3rd period - Penalty to Ed Jovanovski is over, Ed Jovanovski is back on ice.
13:04 of 3rd period - Carlo Colaiacovo is hit by Evgeni Malkin.
13:08 of 3rd period - Ville Peltonen is hit by Peter Regin and loses puck.
13:15 of 3rd period - Snap shot by Steven Reinprecht.
13:15 of 3rd period - Stopped by Niklas Backstrom without a rebound.
13:16 of 3rd period - Denis Arkhipov wins face-off versus Brooks Laich in Capitals zone.
13:33 of 3rd period - Ales Hemsky is hit by Mike Watt and loses puck.
13:53 of 3rd period - Wrist shot by Steve Sullivan.
13:53 of 3rd period - Shot Misses the Net.
13:55 of 3rd period - Slapshot by Brooks Laich.
13:55 of 3rd period - Shot Blocked by Dennis Seidenberg.
13:57 of 3rd period - Snap shot by Steve Sullivan.
13:57 of 3rd period - Goal by Steve Sullivan - Capitals : 4 - Penguins : 3.
13:58 of 3rd period - Peter Forsberg wins face-off versus Nicklas Backstrom in neutral zone.
14:05 of 3rd period - Snap shot by Ted Purcell.
14:05 of 3rd period - Shot Blocked by Bryce Salvador.
14:58 of 3rd period - Minor Penalty to Denis Arkhipov for Cross-checking.
14:59 of 3rd period - Evgeni Malkin wins face-off versus Peter Forsberg in Penguins zone.
15:02 of 3rd period - Wrist shot by Zach Parise.
15:02 of 3rd period - Stopped by Ondrej Pavelec without a rebound.
15:03 of 3rd period - Zach Parise wins face-off versus Peter Forsberg in Penguins zone.
15:13 of 3rd period - Off-side.
15:14 of 3rd period - Peter Forsberg wins face-off versus Evgeni Malkin in neutral zone.
16:58 of 3rd period - Penalty to Denis Arkhipov is over, Denis Arkhipov is back on ice.
17:14 of 3rd period - Icing by Evgeni Malkin.
17:15 of 3rd period - Darren Reid wins face-off versus Phil Kessel in Capitals zone.
17:31 of 3rd period - Wrist shot by Thomas Vanek.
17:31 of 3rd period - Shot Misses the Net.
17:43 of 3rd period - Slapshot by Brooks Laich.
17:43 of 3rd period - Stopped by Ondrej Pavelec without a rebound.
17:44 of 3rd period - Brooks Laich wins face-off versus Ryan Getzlaf in Penguins zone.
17:45 of 3rd period - Snap shot by Steve Sullivan.
17:45 of 3rd period - Stopped by Ondrej Pavelec without a rebound.
17:46 of 3rd period - Ryan Getzlaf wins face-off versus Brooks Laich in Penguins zone.
17:57 of 3rd period - Wrist shot by Ryan Getzlaf.
17:57 of 3rd period - Shot Misses the Net.
17:59 of 3rd period - Snap shot by Ryan Getzlaf.
17:59 of 3rd period - Shot Blocked by Braydon Coburn.
18:01 of 3rd period - Slapshot by Ryan Kesler.
18:01 of 3rd period - Shot Blocked by Bryce Salvador.
18:11 of 3rd period - Dennis Seidenberg is hit by Phil Kessel and loses puck.
18:15 of 3rd period - Icing by Dennis Seidenberg.
18:16 of 3rd period - Nicklas Backstrom wins face-off versus Peter Forsberg in Penguins zone.
18:40 of 3rd period - Minor Penalty to Phil Kessel for Hooking.
18:41 of 3rd period - Zach Parise wins face-off versus Peter Forsberg in Capitals zone.
19:10 of 3rd period - Zach Parise is hit by Ted Purcell and loses puck.
19:13 of 3rd period - Penguins, Ondrej Pavelec is pulled from the net.
Output by the SimonT Hockey Simulator (STHS) for François Prévost -- Original Page W3C XHTML 1.0 Valid